 Dungeon Crawl Stone Soup version 0.16-a0-1301-gf74d490 (webtiles) character file.

21 Ololoev the Slasher (level 2, -3/23 (24) HPs)
             Began as a Ghoul Gladiator on Oct 15, 2014.
             Slain by a gnoll
             ... wielding a +0 halberd
              (8 damage)
             ... on level 1 of the Dungeon.
             The game lasted 00:02:13 (521 turns).

Ololoev the Slasher (Ghoul Gladiator)                Turns: 521, Time: 00:02:14

HP:   -3/23 (24)    AC:  4    Str: 18    XL:     2   Next: 87%
MP:   2/2           EV: 11    Int:  3    God:
Gold: 128           SH:  0    Dex:  9    Spells: 0 memorised, 1 level left

rFire  . . .     SeeInvis .     a - +0 long sword
rCold  + . .     Clarity  .     b - +0 leather armour
rNeg   + + +     SustAb   .     (no shield)
rPois  +         Saprov   + + + c - +0 helmet
rElec  .         Spirit   .     (no cloak)
rCorr  .         Warding  .     (no gloves)
rMut   .         Stasis   .     (no boots)
MR     .....                    (no amulet)
Stlth  +.........               (no ring)
                                (no ring)

@: rotting, not resistant to hostile enchantments, very unstealthy
A: rotting body, claws 1, carnivore 3, cold resistance 1, negative energy
resistance 3, poison resistance, saprovore 3, slow healing 1, torment
resistance, unbreathing
a: no special abilities


You were on level 1 of the Dungeon.
You were not hungry.

You visited 1 branch of the dungeon, and saw 1 of its levels.

You collected 128 gold pieces.

Inventory:

Hand weapons
 a - a +0 long sword (weapon)
Missiles
 d - 3 throwing nets (quivered)
Armour
 b - a +0 leather armour (worn)
 c - a +0 helmet (worn)
Scrolls
 e - a scroll of fear {unknown}
 g - a scroll of enchant armour {unknown}
 h - 2 scrolls of identify {unknown}
 j - a scroll of noise {unknown}
 l - a scroll of random uselessness {unknown}
Potions
 f - a potion of beneficial mutation {unknown}
 i - 3 potions of curing {unknown}
Comestibles
 k - a meat ration
 n - 2 chunks of hobgoblin flesh


   Skills:
 - Level 2.1 Fighting
 + Level 3.6 Long Blades
 - Level 1.7 Throwing
 - Level 2.6 Dodging


You had one spell level left.
You didn't know any spells.

Dungeon Overview and Level Annotations

Branches:
Dungeon (1/15)

Altars:


Innate Abilities, Weirdness & Mutations

Your body is rotting away.
You have sharp fingernails.
You are carnivorous and can eat meat at any time.
Your flesh is cold resistant.
You are immune to negative energy.
Your system is resistant to poisons.
You thrive on rotten meat.
You heal slowly when monsters are visible.
You are immune to unholy pain and torment.
You can survive without breathing.


Message History

You open the door.
You now have 115 gold pieces (gained 11).
You now have 128 gold pieces (gained 13).
Found 18 poisoned sling bullets.
You smell decay.
Yum-yum. (slot m)
A gnoll comes into view. It is wielding a halberd.
The gnoll hits you from afar with a halberd.
Found 13 gold pieces.
Eat a rotting chunk of goblin flesh? (ye/n/q/i?) This rotting flesh tastes delicious!
You feel more resilient.
You continue eating.
You feel your flesh rotting away. The gnoll hits you with a halberd.
You continue eating.
The gnoll hits you with a halberd!
You closely miss the gnoll. You hit the gnoll but do no damage.
The gnoll hits you with a halberd.
* * * LOW HITPOINT WARNING * * *
You barely miss the gnoll. The gnoll hits you with a halberd!
You die...

#>..........(..$...#......%......
...####......# #.......###...
...## #......# #.......# #...
....# #......## #.......# #...
....# #.......# ###.......###...
....# #.......# #...#####.......
....# #.......####.#.#####.......
....#########.g#...#.............
....##.......#.#@###.............
....##.......+.g.# #.............
....##.......#.### #............#
...)#........#..# #.#####.##....
....#........##.####'### #.##.#..
..........###..........# #....###
...##.....# #..).......# #.####..
...##.....# #..........###.####.#
...##.....# #...(......##.......#


You could see a gnoll.

Vanquished Creatures
  A giant gecko (D:1)
  2 bats (D:1)
  A giant cockroach (D:1)
  3 hobgoblins (D:1)
  3 jackals (D:1)
  5 goblins (D:1)
  A kobold (D:1)
  A rat (D:1)
17 creatures vanquished.

Notes
Turn   | Place    | Note
--------------------------------------------------------------
     0 | D:1      | Ololoev, the Ghoul Gladiator, began the quest for the Orb.
     0 | D:1      | Reached XP level 1. HP: 17/17 MP: 1/1
   146 | D:1      | Reached skill level 3 in Long Blades
   198 | D:1      | Reached XP level 2. HP: 17/23 MP: 2/2
   521 | D:1      | Slain by a gnoll

Action                   || total
-------------------------++-------
Melee: Long sword        ||    58
  Eat: Chunk             ||    11
